AoeStats
← Caronte

Oasis

509480173Analyzed
4v4 RM · 6d ago on Sep 26, 2026· 84m 47s· 8 players
Game mode
Random Map
Map size
Large (8 player)
Population
200
Speed
Normal
Resources
Standard
Victory
Conquest
Starting age
Dark Age
Ending age
Imperial Age
RankedLock teamsTeams togetherTeam positionsShared explorationLock speedFull tech treeHidden civsTurbo modeCheats
Victory
Defeat
🇺🇸 Romans · United States
886
+15
🇹🇼 Danes · Taiwan
866
+16
🇹🇷 Jurchens · Türkiye
849
+16
🇨🇦 Spanish · Canada
840
+17
🇦🇷 Ethiopians · Argentina
917
-18
🇦🇷 Khmer · Argentina
887
-17
🇬🇧 Huns · United Kingdom
828
-27
🇦🇷 Spanish · Argentina
800
-14
YJHAN
0:39 Loom
15:20 Feudal Age
16:04 Arson
17:28 Town Watch
18:05 Man-at-Arms
23:40 Horse Collar
26:43 Fletching
32:17 Castle Age
30:23 Double-Bit Axe
32:58 Scale Mail Armor
33:50 Squires
34:06 Gambesons
34:38 Pikeman
37:40 Bodkin Arrow
40:01 Forging
40:42 Wheelbarrow
40:31 Elite Skirmisher
42:06 Hamask
48:54 Thumb Ring
51:41 Iron Casting
51:39 Heavy Plow
52:43 Murder Holes
53:06 Bow Saw
55:45 Padded Archer Armor
56:00 Chain Mail Armor
55:51 Scale Barding Armor
55:45 Heated Shot
56:16 Ballistics
57:29 Hand Cart
61:25 Imperial Age
61:44 Gold Mining
61:44 Stone Mining
61:58 Town Patrol
61:27 Elite Varangian Guard
63:20 Blast Furnace
63:39 Plate Mail Armor
64:11 Halberdier
84:22 Bracer
84:37 Leather Archer Armor
bergiebird
10:14 Feudal Age
11:54 Double-Bit Axe
12:14 Horse Collar
13:15 Wheelbarrow
14:23 Loom
17:45 Castle Age
17:26 Stone Mining
17:27 Gold Mining
17:29 Stone Mining
19:02 Caravan
21:36 Gold Shaft Mining
22:32 Town Watch
23:11 Heavy Plow
25:17 Fletching
25:28 Scale Mail Armor
25:38 Forging
26:21 Hand Cart
26:11 Bodkin Arrow
26:24 Scale Barding Armor
27:26 Chain Mail Armor
28:52 Squires
28:13 Man-at-Arms
28:31 Man-at-Arms
30:04 Iron Casting
29:50 Chain Barding Armor
29:07 Pikeman
33:13 Ballistas
35:50 Imperial Age
33:09 Town Watch
34:50 Bow Saw
34:43 Town Patrol
37:36 Blast Furnace
37:12 Plate Barding Armor
36:38 Padded Archer Armor
37:12 Crop Rotation
36:58 Guilds
36:18 Long Swordsman
36:26 Long Swordsman
39:00 Conscription
39:01 Comitatenses
39:31 Heavy Scorpion
39:51 Legionary
40:22 Legionary
43:51 Comitatenses
43:52 Conscription
52:26 Masonry
52:14 Murder Holes
55:19 Ballistics
56:02 Architecture
55:47 Halberdier
61:35 Chemistry
PatBateman7156
11:02 Feudal Age
10:04 Loom
16:24 Castle Age
15:26 Double-Bit Axe
16:19 Horse Collar
23:53 Heavy Plow
24:41 Bow Saw
26:12 Wheelbarrow
27:29 Hand Cart
29:27 Caravan
29:39 Gold Mining
29:38 Town Watch
32:58 Imperial Age
30:52 Husbandry
31:02 Thumb Ring
31:10 Bloodlines
31:37 Ballistics
31:12 Murder Holes
33:05 Masonry
33:11 Scale Barding Armor
33:17 Forging
32:59 Fletching
34:07 Conscription
34:54 Two-Man Saw
33:50 Elite Conquistador
34:49 Arrowslits
36:19 Chemistry
35:53 Bodkin Arrow
36:34 Iron Casting
36:23 Chain Barding Armor
38:21 Hoardings
37:50 Inquisition
38:20 Guilds
40:22 Blast Furnace
39:23 Bracer
39:58 Plate Barding Armor
40:30 Fervor
41:40 Theocracy
41:34 Illumination
41:26 Block Printing
41:35 Sanctity
54:42 Capped Ram
55:59 Siege Ram
56:53 Onager
69:58 Padded Archer Armor
69:58 Scale Mail Armor
70:57 Guard Tower
71:27 Bombard Tower
75:03 Keep
Feed Me
10:57 Feudal Age
11:15 Loom
11:22 Double-Bit Axe
11:19 Horse Collar
14:57 Gold Mining
18:54 Castle Age
20:09 Husbandry
21:21 Bloodlines
30:19 Town Watch
34:57 Bow Saw
38:02 Wheelbarrow
41:17 Imperial Age
39:39 Sanctity
40:29 Forging
40:25 Scale Barding Armor
40:20 Padded Archer Armor
40:11 Fletching
43:41 Imperial Age
41:22 Elite Skirmisher
43:20 Bodkin Arrow
43:41 Leather Archer Armor
44:25 Bracer
45:02 Iron Casting
44:47 Chain Barding Armor
45:21 Conscription
46:49 Hoardings
46:50 Murder Holes
47:17 Ballistics
47:26 Stone Mining
51:04 Chemistry
54:22 Arson
54:37 Squires
56:02 Gambesons
56:27 Elite Fire Lancer
59:29 Elite Iron Pagoda
60:47 Block Printing
61:31 Hand Cart
61:16 Town Patrol
62:12 Caravan
78:08 Pikeman
81:31 Two-Man Saw
81:10 Halberdier
84:51 Heavy Plow
WutRecoil
11:19 Feudal Age
18:20 Castle Age
16:09 Double-Bit Axe
16:15 Horse Collar
17:51 Stone Mining
17:52 Gold Mining
18:42 Wheelbarrow
17:54 Loom
20:20 Bow Saw
21:11 Forging
25:33 Thumb Ring
27:41 Gold Shaft Mining
28:28 Bloodlines
37:56 Imperial Age
35:43 Hand Cart
36:33 Thumb Ring
39:19 Scale Barding Armor
39:50 Iron Casting
39:10 Fletching
39:21 Padded Archer Armor
38:46 Heavy Cavalry Archer
42:04 Ballistics
41:57 Heavy Plow
46:02 Light Cavalry
65:53 Two-Man Saw
GhostGoth
10:01 Loom
12:18 Feudal Age
12:50 Double-Bit Axe
13:56 Horse Collar
15:52 Wheelbarrow
15:11 Gold Mining
15:12 Stone Mining
21:28 Castle Age
22:10 Pikeman
22:36 Arson
23:12 Hand Cart
23:00 Heavy Plow
23:15 Bow Saw
26:38 Husbandry
26:49 Bloodlines
28:06 Town Watch
29:14 Scale Barding Armor
33:12 Gold Shaft Mining
33:12 Stone Shaft Mining
33:01 Forging
33:18 Chain Barding Armor
37:11 Imperial Age
36:02 Iron Casting
35:29 Scale Mail Armor
37:14 Caravan
37:29 Tusk Swords
38:00 Onager
39:08 Conscription
39:47 Cavalier
43:00 Crop Rotation
42:26 Halberdier
46:21 Elite Battle Elephant
54:22 Elite Ballista Elephant
55:03 Double Crossbow
84:11 Blast Furnace
83:48 Plate Barding Armor
83:29 Chain Mail Armor
Caronte
10:19 Feudal Age
10:46 Double-Bit Axe
10:44 Horse Collar
11:43 Wheelbarrow
18:48 Castle Age
17:34 Forging
17:25 Scale Mail Armor
17:33 Stone Mining
19:48 Hand Cart
19:19 Crossbowman
20:33 Bow Saw
22:55 Padded Archer Armor
26:17 Thumb Ring
27:12 Squires
28:17 Heavy Plow
28:11 Fletching
28:56 Gold Mining
32:57 Leather Archer Armor
32:37 Bodkin Arrow
36:14 Imperial Age
33:34 Town Watch
35:24 Ballistics
38:04 Chemistry
37:11 Siege Engineers
38:06 Conscription
38:31 Arbalester
41:36 Halberdier
42:02 Arson
43:22 Bracer
43:52 Ring Archer Armor
43:38 Chain Mail Armor
44:27 Two-Man Saw
45:24 Chain Mail Armor
45:44 Iron Casting
50:35 Heavy Scorpion
53:33 Plate Mail Armor
53:38 Iron Casting
56:11 Caravan
60:22 Elite Skirmisher
67:54 Elite Shotel Warrior
69:30 Capped Ram
70:22 Husbandry
82:02 Heavy Camel Rider
b3rm3
9:39 Feudal Age
15:06 Castle Age
15:48 Loom
19:54 Forging
19:51 Scale Barding Armor
27:25 Husbandry
29:55 Horse Collar
44:06 Chain Barding Armor
44:22 Iron Casting
47:48 Imperial Age
50:48 Chemistry
51:25 Elite Skirmisher
52:37 Thumb Ring
53:38 Fletching
53:49 Padded Archer Armor
54:02 Bloodlines
56:40 Pikeman
57:20 Squires
61:25 Bodkin Arrow
61:45 Leather Archer Armor
62:32 Blast Furnace
61:32 Scale Mail Armor
65:12 Ring Archer Armor
64:43 Bracer
69:23 Double-Bit Axe
73:24 Chain Mail Armor
73:44 Plate Barding Armor
72:58 Man-at-Arms
73:24 Gambesons
75:34 Long Swordsman
78:48 Halberdier
78:48 Two-Handed Swordsman
79:14 Arson
85:02 Wheelbarrow
Connection lost

Rejoining the realm…

Still unreachable

The connection could not be restored.

Session expired

The server has moved on; the page needs a fresh start.